 Dungeon Crawl Stone Soup version 0.17-a0-1718-g72dbe4d (webtiles) character file.

40 kae the Firebug (level 3, -5/19 HPs)
             Began as a Tengu Fire Elementalist on Aug 24, 2015.
             Slain by Terence
             ... wielding a +0 hand axe
              (6 damage)
             ... on level 2 of the Dungeon.
             The game lasted 00:02:06 (1859 turns).

kae the Firebug (Tengu Fire Elementalist)           Turns: 1859, Time: 00:02:06

Health: -5/19      AC:  3    Str:  8    XL:     3   Next: 50%
Magic:  1/7        EV: 12    Int: 16    God:
Gold:   37         SH:  0    Dex: 14    Spells: 1 memorised, 5 levels left

rFire  . . .     SeeInvis .     h - -3 spear
rCold  . . .     Clarity  .     a - +1 robe
rNeg   . . .     SustAt   .     (no shield)
rPois  .         Gourm    .     (helmet restricted)
rElec  .         Spirit   .     (no cloak)
rCorr  .         Warding  .     (no gloves)
rMut   .         Stasis   .     (boots unavailable)
MR     .....                    (no amulet)
Stlth  ++........               (no ring)
                                (no ring)

@: not resistant to hostile enchantments, unstealthy
A: beak, talons 3
a: no special abilities


You were on level 2 of the Dungeon.
You were not hungry.

You visited 1 branch of the dungeon, and saw 2 of its levels.

You collected 37 gold pieces.

Inventory:

Hand weapons
 h - a -3 spear (weapon)
Armour
 a - a +1 robe (worn)
Scrolls
 e - a scroll of identify
 g - a scroll of remove curse
Potions
 i - 2 potions of brilliance
 j - a potion of flight {unknown}
 k - a potion of curing {unknown}
Books
 b - a book of Flames

   Spells                             Type                      Level
   a - Flame Tongue                   Conjuration/Fire             1
   b - Throw Flame                    Conjuration/Fire             2
   c - Conjure Flame                  Conjuration/Fire             3
   d - Inner Flame                    Hexes/Fire                   3
   e - Sticky Flame                   Conjuration/Fire             4
   f - Fireball                       Conjuration/Fire             5
Comestibles
 c - a bread ration
 d - a chunk of flesh
 f - a slice of pizza


   Skills:
 - Level 2.1 Dodging
 - Level 2.0 Stealth
 - Level 2.0 Spellcasting
 - Level 1.3 Conjurations
 + Level 4.9 Fire Magic


You had 5 spell levels left.
You knew the following spells:

 Your Spells              Type           Power        Failure   Level  Hunger
a - Flame Tongue          Conj/Fire      ##...        8%          1    #......


Dungeon Overview and Level Annotations

Branches:
Dungeon (2/15)

Altars:

Annotations:
D:2 Terence


Innate Abilities, Weirdness & Mutations

You have a beak for a mouth.
You have claws for feet.


Message History

Press: ? - help, Shift-Dir - straight line, f/p - Terence
Aim: Terence, wielding a hand axe and wearing a scale mail (heavily wounded)
The flame tongue hits Terence.
Terence is severely wounded.
The bat closely misses you. Terence hits you with a hand axe.
Casting: Flame Tongue
Confirm with . or Enter, or press ? or * to list all spells.
You don't have enough magic to cast that spell.
Casting: Flame Tongue
Confirm with . or Enter, or press ? or * to list all spells.
You don't have enough magic to cast that spell.
The bat hits you but does no damage. The bat completely misses you.
The bat barely misses you. The bat barely misses you.
The bat closely misses you. The bat hits you but does no damage.
The bat hits you but does no damage. Terence hits you with a hand axe!
* * * LOW HITPOINT WARNING * * *
The bat barely misses you. Terence hits you with a hand axe.
You die...

....................
#...#..####.........
.....#..#...#+#####..
...#.
#..#...#+#####..
...####..#.#.........
.......#.........
.................
........<........
.......@#........
........@........
##+#..b.#........
#.............
.........########
.#.#.....# #.#.#####
# #. ..


You could see Terence and a bat.

Vanquished Creatures
  An ooze (D:1)
  A worm (D:2)
  2 giant geckos
  A bat (D:1)
  A giant cockroach (D:1)
  7 goblins
  8 jackals (D:1)
  3 kobolds (D:1)
  A giant newt (D:1)
  5 rats (D:1)
30 creatures vanquished.

Notes
Turn   | Place    | Note
--------------------------------------------------------------
     0 | D:1      | kae the Tengu Fire Elementalist began the quest for the Orb.
     0 | D:1      | Reached XP level 1. HP: 10/10 MP: 4/4
   185 | D:1      | Reached XP level 2. HP: 15/15 MP: 0/6
   198 | D:1      | Reached skill level 4 in Fire Magic
   920 | D:1      | Reached XP level 3. HP: 19/19 MP: 5/7
  1636 | D:2      | Noticed Terence
  1859 | D:2      | Slain by Terence

Vault maps used:
D:1:      lightli_arrival_boilingwater, minmay_misc_feat_encased
D:2:      first_bread, minivault_23, minmay_unequal, uniq_sigmund, uniq_iyjb,
          uniq_terence

Action                   || total
-------------------------++-------
Melee: Unarmed           ||    13
       Spear             ||    38
 Cast: Flame Tongue      ||    51
  Use: Potion            ||     1
       Scroll            ||     4
 Stab: Sleeping          ||     3
  Eat: Chunk             ||     4
